 Dungeon Crawl Stone Soup version 0.26.0-45-g9c1d065592 (webtiles) character file.

Game seed: 11239175795556376028

(classic levelgen) 4034 thiole the Thaumaturge (level 10, -7/56 HPs)
             Began as an Octopode Venom Mage on Jan 30, 2021.
             Was an Initiate of Gozag.
             Mangled by a five-headed hydra (15 damage)
             ... on level 8 of the Dungeon.
             The game lasted 00:16:19 (12249 turns).

thiole the Thaumaturge (Octopode Venom Mage)       Turns: 12249, Time: 00:16:19

Health: -7/56      AC:  1    Str:  8      XL:     10   Next: 24%
Magic:  25/25      EV: 15    Int: 21      God:    Gozag
Gold:   995        SH:  5    Dex: 11 (12) Spells: 19/31 levels left

rFire    . . .     SeeInvis .   (no weapon)
rCold    . . .     Faith    .   (no shield)
rNeg     . . .     Spirit   .   (helmet restricted)
rPois    .         Reflect  +   p - amulet of reflection
rElec    .         Harm     .   (no ring)
rCorr    .         Rampage  .   (no ring)
Will     .....                  (no ring)
Stlth    +++.......             (no ring)
HPRegen  0.18/turn              (no ring)
MPRegen  0.19/turn              (no ring)
                                (no ring)
                                (no ring)

@: hasted, very quick
A: almost no armour, stealthy swim, amphibious, 8 rings, constrict 8, camouflage
1, gelatinous body 1
a: Renounce Religion, Potion Petition, Call Merchant, Bribe Branch


You were on level 8 of the Dungeon.
You worshipped Gozag.
Gozag was pleased with you.
You visited 2 branches of the dungeon, and saw 9 of its levels.

You collected 1047 gold pieces.
You paid 52 gold pieces to Gozag.

Inventory:

Missiles
 m - 43 sling bullets
Jewellery
 p - an amulet of reflection (around mantle)
Wands
 j - a wand of digging (8)
 t - a wand of flame (13)
 v - a wand of paralysis (7)
Scrolls
 a - 3 scrolls of remove curse
 c - 2 scrolls of enchant armour
 h - 2 scrolls of blinking {unknown}
 i - a scroll of fog {unknown}
 l - 2 scrolls of amnesia {unknown}
 o - a scroll of random uselessness {unknown}
 r - 2 scrolls of immolation {unknown}
 s - a scroll of teleportation
Potions
 b - 2 potions of mutation
 e - 2 potions of haste
 f - a potion of berserk rage
 g - 5 potions of curing
 k - a potion of resistance
 q - a potion of ambrosia


   Skills:
 - Level 5.0 Dodging
 - Level 4.0 Stealth
 + Level 11.2 Spellcasting
 - Level 2.0 Conjurations
 - Level 2.0 Transmutations
 - Level 2.0 Fire Magic
 - Level 2.0 Air Magic
 - Level 6.0 Poison Magic


You had 19 spell levels left.
You knew the following spells:

 Your Spells              Type           Power        Failure   Level
a - Sting                 Tmut/Pois      100%         1%          1
b - Mephitic Cloud        Conj/Pois/Air  25%          4%          3
c - Ignite Poison         Fire/Tmut/Pois 25%          4%          3
d - Olgreb's Toxic Radia  Pois           37%          4%          4
e - Apportation           Tloc           22%          6%          1

Your spell library contained the following spells:

 Spells                   Type           Power        Failure   Level
 Poisonous Vapours        Pois/Air       56%          1%          2
 Beastly Appendage        Tmut           40%          2%          1
 Magic Dart               Conj           80%          2%          1
 Wereblood                Tmut           20%          3%          2
 Spider Form              Tmut/Pois      14%          3%          3
 Animate Skeleton         Necr           22%          6%          1
 Corona                   Hex            12%          6%          1
 Summon Small Mammal      Summ           44%          6%          1
 Conjure Flame            Conj/Fire      20%          8%          3
 Blink                    Tloc           N/A          9%          2
 Call Imp                 Summ           11%          9%          2
 Slow                     Hex            11%          9%          2
 Ice Form                 Ice/Tmut       16%          36%         4
 Blade Hands              Tmut           10%          56%         5


Dungeon Overview and Level Annotations

Branches:
Dungeon (8/15)             Temple (1/1) D:4            Lair (0/6) D:8

Altars:
Ashenzari
Cheibriados
Dithmenos
Elyvilon
Fedhas
Gozag
Hepliaklqana
Kikubaaqudgha
Makhleb
Nemelex Xobeh
Okawaru
Qazlal
Ru
Sif Muna
Trog
Uskayaw
Vehumet
Wu Jian
Xom
Yredelemnul
Zin
The Shining One

Shops:
D:6 (

Annotations:
D:7 2 transporters


Innate Abilities, Weirdness & Mutations

You cannot wear most types of armour.
You are very stealthy in the water. (Stealth+)
You are amphibious.
You can wear up to eight rings at the same time.
You can use your tentacles to constrict eight enemies at once.
Your skin changes colour to match your surroundings (Stealth+).
Your rubbery body absorbs attacks. (AC +1, EV +1)


Message History

You squeeze the five-headed hydra!
The five-headed hydra is heavily wounded.
The five-headed hydra bites you. The five-headed hydra bites you!
* * * LOW HITPOINT WARNING * * *
The five-headed hydra barely misses you.
The five-headed hydra bites you.
* * * LOW HITPOINT WARNING * * *
The five-headed hydra bites you.
* * * LOW HITPOINT WARNING * * *
Aiming: Paralyse
Press: ? - help, Shift-Dir - straight line, f/p - five-headed hydra
Aim: a five-headed hydra (heavily wounded, chance to affect: 15%)
Okay, then.
Aiming: Paralyse
Press: ? - help, Shift-Dir - straight line, f/p - five-headed hydra
Aim: a five-headed hydra (heavily wounded, chance to affect: 15%)
The five-headed hydra resists with almost no effort.
The five-headed hydra bites you!
You die...
Your body crumbles into a pile of gold.

.#.....# #.# '.....# #..
#.....# ..... #.....# ..## .###
#..[.#.....# .... ..
#....#...$$# ..... #....#..)$)#
..... #....####D##....# ###
#....#..[@.#....# ##..
#....#.....+.z..# #...
#....#.....#....' #...
#....'.....#....# #+#
#....#######....#
#####...........########
####### #..................#
#.....# #..................###
#.....####.....................


You could see a five-headed hydra.

Vanquished Creatures
  Pikel (D:5)
  Sigmund (D:3)
  Eustachio (D:5)
  2 orc warriors
  2 ice beasts (D:8)
  A black bear (D:4)
  A phantom (D:5)
  4 ogres
  A necrophage (D:5)
  2 centaurs
  3 lemures (D:5)
  3 big kobolds
  3 bullfrogs
  A wyvern skeleton (D:7)
  2 scorpions
  3 killer bees (D:8)
  8 wights (D:8)
  3 howler monkeys
  2 quasits
  A jelly (D:5)
  2 hounds
  4 bullfrog skeletons
  2 centaur skeletons
  Terence (D:3)
  2 iguanas
  4 orc wizards
  6 worker ants
  Robin (D:2)
  2 howler monkey skeletons
  7 adders
  12 gnolls
  5 white imps
  An ufetubus (D:8)
  2 oozes
  An adder zombie (D:8)
  An adder skeleton (D:6)
  2 worms (D:2)
  2 dart slugs
  4 leopard geckos
  13 orcs
  6 giant cockroaches
  16 goblins
  12 hobgoblins
  6 jackals (D:2)
  13 kobolds
  4 quokkas
  10 bats
  2 frilled lizards
  A giant cockroach zombie (D:5)
  A leopard gecko skeleton (D:4)
  3 rats
  A spectral orc (D:7)
194 creatures vanquished.

Notes
Turn   | Place    | Note
-------+----------+-------------------------------------------
     0 | D:1      | thiole the Octopode Venom Mage began the quest for the Orb.
     0 | D:1      | Reached XP level 1. HP: 11/11 MP: 3/3
   396 | D:1      | Reached XP level 2. HP: 17/17 MP: 3/5
   972 | D:2      | Reached XP level 3. HP: 21/21 MP: 0/6
  1306 | D:2      | Noticed Robin
  1319 | D:2      | HP: 1/21 [goblin[Robin] (4)]
  1331 | D:2      | Killed Robin
  1332 | D:2      | Reached skill level 5 in Poison Magic
  1332 | D:2      | Reached XP level 4. HP: 15/27 MP: 1/7
  1975 | D:2      | Found an ancient bone altar of Kikubaaqudgha.
  2097 | D:2      | Reached XP level 5. HP: 12/31 MP: 0/8
  2322 | D:2      | Found a snail-covered altar of Cheibriados.
  2373 | D:2      | Reached skill level 1 in Conjurations
  2612 | D:2      | Learned a level 3 spell: Mephitic Cloud
  2616 | D:2      | Learned a level 3 spell: Ignite Poison
  2890 | D:3      | Noticed Terence
  2903 | D:3      | Killed Terence
  3158 | D:3      | Noticed Sigmund
  3167 | D:3      | Killed Sigmund
  3168 | D:3      | Reached skill level 3 in Spellcasting
  3168 | D:3      | Reached XP level 6. HP: 20/36 MP: 3/11
  3857 | D:4      | Reached skill level 4 in Spellcasting
  3857 | D:4      | Reached skill level 1 in Fire Magic
  4096 | D:4      | Learned a level 4 spell: Olgreb's Toxic Radiance
  4108 | D:4      | Found a staircase to the Ecumenical Temple.
  4147 | D:4      | Reached XP level 7. HP: 41/41 MP: 11/13
  4152 | Temple   | Entered the Ecumenical Temple
  4338 | D:4      | Reached skill level 1 in Air Magic
  5441 | D:4      | Found an opulent altar of Gozag.
  5548 | D:4      | Became a worshipper of Gozag Ym Sagoz the Greedy
  5581 | D:5      | Entered Level 5 of the Dungeon
  5699 | D:5      | Noticed Pikel
  5702 | D:5      | Noticed Eustachio
  5739 | D:5      | HP: 2/41 [Pikel/puff of flame (4)]
  5766 | D:5      | Found a white marble altar of Elyvilon.
  5987 | D:5      | Killed Pikel
  5988 | D:5      | Reached skill level 5 in Dodging
  5988 | D:5      | Reached skill level 5 in Spellcasting
  5988 | D:5      | Reached XP level 8. HP: 20/46 MP: 7/16
  6182 | D:5      | Killed Eustachio
  6183 | D:5      | Reached skill level 6 in Spellcasting
  6540 | D:5      | Reached skill level 7 in Spellcasting
  6766 | D:5      | Reached XP level 9. HP: 46/51 MP: 15/20
  7450 | D:6      | Reached skill level 8 in Spellcasting
  8654 | D:6      | Found Borus's Antique Weapon Shop.
  8713 | D:7      | Reached skill level 9 in Spellcasting
  9681 | D:7      | Found a radiant altar of Vehumet.
  9681 | D:7      | Found a shimmering blue altar of Sif Muna.
  9683 | D:7      | Noticed a seven-headed hydra
  9683 | D:7      | Noticed a white ugly thing
  9685 | D:7      | Found a transporter.
  9740 | D:7      | Found a transporter.
  9746 | D:7      | Found a basalt altar of Yredelemnul.
 10824 | D:8      | Found a staircase to the Lair.
 10834 | D:8      | Reached skill level 10 in Spellcasting
 10947 | D:8      | Noticed a five-headed hydra
 11133 | D:8      | Learned a level 1 spell: Apportation
 11261 | D:8      | Reached XP level 10. HP: 24/56 MP: 24/24
 11974 | D:8      | Reached skill level 11 in Spellcasting
 12249 | D:8      | Mangled by a five-headed hydra

Illustrated notes

Levels and vault maps discovered:
D:1:      evilmike_arrival_crescent, layout_loops_ring, amcnicky_mini_pool_small
D:2:      layout_loops_cross, old_standard_altar, kennysheep_slug_shrine,
          minmay_misc_feat_four_crosses, uniq_robin
D:3:      layout_basic, uniq_terence, uniq_sigmund
D:4:      layout_loops_corners, nicolae_gozag_cash_rules_everything_around_me,
          minmay_temple_entry_glassed_door
D:5:      layout_loops_ring, basic_altar, uniq_pikel, uniq_eustachio
D:6:      layout_basic, serial_shops, shop
D:7:      layout_layer_cave, yredelemnul_forgotten_temple_becter,
          gammafunk_temple_overflow_arena
D:8:      hangedman_cross_stitches, layout_gridville, lair_entry_dummy
Temple:   compressed_dpeg_circular_temple

Skill      XL: |  1  2  3  4  5  6  7  8  9 10 |
---------------+-------------------------------+-----
Stealth        | 3 4 |  4.0
Poison Magic   | 4 5 6 |  6.0
Conjurations   | 2 |  2.0
Spellcasting   | 3 4 5 7 10 11 | 11.2
Transmutations | 2 |  2.0
Fire Magic     | 2 |  2.0
Air Magic      | 2 |  2.0
Dodging        | 5 |  5.0

Action                   |  1- 3 |  4- 6 |  7- 9 | 10-12 || total
-------------------------+-------+-------+-------+-------++-------
Melee: Unarmed           |    30 |    36 |    83 |    26 ||   175
       Constrict         |    12 |    13 |    21 |     9 ||    55
       Tentacles         |    10 |     4 |    19 |     7 ||    40
 Cast: Sting             |    37 |   111 |   210 |    18 ||   376
       Mephitic Cloud    |       |       |     5 |     7 ||    12
       Ignite Poison     |       |       |    15 |     9 ||    24
       Olgreb's Toxic Ra |       |       |    33 |     5 ||    38
Evoke: Wand              |       |       |       |     4 ||     4
  Use: Potion            |     2 |       |     3 |     1 ||     6
       Scroll            |       |       |    10 |       ||    10
 Stab: Sleeping          |       |       |     1 |     1 ||     2
Armor: Skin              |     5 |     5 |     7 |     2 ||    19
Dodge: Dodged            |    34 |    44 |   148 |    25 ||   251
Block: Other             |       |     3 |    57 |    13 ||    73
       Reflection        |       |       |     1 |       ||     1
